 Dungeon Crawl Stone Soup version 0.27.1-3-gb3d3a73c9e (webtiles) character file.

Game seed: 16799155394946595823

3863 styxcanada the Cleaver (level 9, -3/83 HPs)
             Began as a Minotaur Fighter on Oct 11, 2021.
             Slain by Whoops's ghost (11 damage)
             ... on level 7 of the Dungeon.
             The game lasted 00:22:18 (7681 turns).

styxcanada the Cleaver (Minotaur Fighter)           Turns: 7681, Time: 00:22:18

Health: -3/83      AC: 16    Str: 22    XL:     9   Next: 99%
Magic:  8/8        EV:  9    Int:  5    God:
Gold:   266        SH: 12    Dex: 12    Spells: 8/8 levels left

rFire    x . .     SeeInvis .   H - +1 long sword (holy)
rCold    + + .     Faith    .   c - +1 kite shield
rNeg     . . .     Spirit   .   v - +0 ice dragon scales
rPois    +         Reflect  .   (helmet restricted)
rElec    .         Harm     .   (no cloak)
rCorr    .         Rampage  .   (no gloves)
Will     .....                  (no boots)
Stlth    ..........             n - amulet of the acrobat
HPRegen  0.23/turn              D - ring of poison resistance
MPRegen  0.11/turn              t - +4 ring of protection

@: mighty, very slightly contaminated, slowed, invisible, very slow
A: horns 2, retaliatory headbutt
a: no special abilities


You were on level 7 of the Dungeon.
You visited 2 branches of the dungeon, and saw 8 of its levels.

You collected 266 gold pieces.

Inventory:

Hand Weapons
 a - a +1 war axe
 j - a +2 short sword of draining
 m - a +0 war axe of freezing
 u - a +0 hunting sling
 H - a +1 long sword of holy wrath (weapon)
Missiles
 e - 228 stones
 f - a throwing net
 k - 21 boomerangs (quivered)
 p - 16 sling bullets
 y - 47 poisoned darts
Armour
 c - a +1 kite shield (worn)
 r - a +0 chain mail
 v - +0 ice dragon scales (worn)
Jewellery
 h - a ring of protection from cold
 n - an amulet of the acrobat (around neck)
 t - a +4 ring of protection (right hand)
 w - a ring of ice
 A - a +6 ring of intelligence
 D - a ring of poison resistance (left hand)
 J - a ring of resist corrosion
Scrolls
 x - 3 scrolls of fog
 C - a scroll of torment
 E - 3 scrolls of magic mapping
 F - a scroll of acquirement {unknown}
 G - a scroll of amnesia
Potions
 b - 4 potions of curing
 d - 3 potions of might
 g - 4 potions of attraction {unknown}
 i - a potion of cancellation {unknown}
 l - a potion of lignification {unknown}
 o - 2 potions of invisibility
 q - 2 potions of haste {unknown}
 s - a potion of resistance {unknown}
 z - a potion of flight {unknown}
 B - a potion of degeneration {unknown}
 I - a potion of heal wounds {unknown}


   Skills:
 * Level 9.1 Fighting
 + Level 10.0 Axes
 + Level 0.9 Throwing
 * Level 9.3 Armour
 + Level 2.7 Dodging
 + Level 7.4 Shields


You had 8 spell levels left.
You didn't know any spells.
Your spell library was empty.

Dungeon Overview and Level Annotations

Branches:
Dungeon (7/15)             Temple (1/1) D:7

Altars:
Ashenzari
Cheibriados
Dithmenos
Elyvilon
Fedhas
Gozag
Hepliaklqana
Kikubaaqudgha
Makhleb
Okawaru
Qazlal
Ru
Sif Muna
Trog
Uskayaw
Vehumet
Xom
Yredelemnul
Zin
The Shining One

Shops:
D:6 =

Annotations:
D:7 Whoops's ghost, novice DsFi


Innate Abilities, Weirdness & Mutations

You have a pair of horns on your head.
You reflexively headbutt those who attack you in melee.


Message History

You block the freezing wraith's attack. The freezing wraith barely misses you.
Whoops's ghost says, "Crushing you to a pulp will hurt a lot.
After that?
Painless!
I promise!"
You block Whoops's ghost's attack. The wraith completely misses you.
The freezing wraith hits you but does no damage. x2
Whoops's ghost hits you! The wraith hits you!
You miss Whoops's ghost.
Whoops's ghost is almost destroyed.
The freezing wraith hits you.
* * * LOW HITPOINT WARNING * * *
The freezing wraith freezes you. You resist.
* * * LOW HITPOINT WARNING * * *
The freezing wraith hits you but does no damage.
You block Whoops's ghost's attack. The wraith closely misses you.
You furiously retaliate!
You headbutt the wraith!
You riposte.
You hit the wraith but do no damage.
The wraith is heavily damaged.
The freezing wraith hits you but does no damage.
You block the freezing wraith's attack.
Whoops's ghost says, "They'll have to sweep you off the floor after I'm finished with you!"
Whoops's ghost hits you!
* * * LOW HITPOINT WARNING * * *
The wraith hits you but does no damage.
The freezing wraith hits you but does no damage.
You block the freezing wraith's attack.
It was a potion of invisibility.
You fade into invisibility!
You block Whoops's ghost's attack. The wraith hits you but does no damage.
The freezing wraith hits you but does no damage. x2
Whoops's ghost hits you but does no damage.
The wraith barely misses you.
You are very lightly contaminated with residual magic.
You hit Whoops's ghost but do no damage.
Whoops's ghost is almost destroyed.
You block the freezing wraith's attack. The freezing wraith closely misses you.
Whoops's ghost says, "The earth shall destroy you!"
Whoops's ghost hits you but does no damage.
The wraith hits you but does no damage.
The freezing wraith hits you but does no damage. x2
Whoops's ghost hits you!
You die...

.♣...♣ ♣.#..## #.....#
♣.♣#.♣♣♣.#...# ##..###
.♣.#.....#...####.##
.#####.♣♣#.....#..# .♣♣
♣♣.♣♣#........#####
♣.♣#♣...♣#.....#.##.8.##
♣♣.#.#)#.#.....#.#..$..#
♣.♣#.#.#.#.......)$$..8#
.♣♣#.#.#.#......@W$_8$∩#
.#♣#.#.#.#......WW....8#
#.##.#.#.........#$..$∩#
8#.#.###.........##.8∩##
#.##.#.#....#..########
.#♣#.#.#.#..#.##
.♣♣#.#.#.#).#.#
♣.♣#.#.#.#..#.####
♣♣.#.#'#.#..#....####


You could see a freezing wraith, a wraith and Whoops's ghost.

Vanquished Creatures
  A deep elf pyromancer (D:7)
  Grinder (D:3)
  A shadow (D:7)
  A steam dragon (D:7)
  2 ice beasts (D:7)
  A sky beast (D:7)
  A hornet zombie (D:7)
  2 orc warriors
  6 black bears
  3 ogres
  A necrophage (D:4)
  A phantom (D:4)
  A bullfrog (D:7)
  A gnoll sergeant (D:5)
  A scorpion (D:6)
  A wyvern skeleton (D:6)
  A water moccasin skeleton (D:5)
  4 wights (D:6)
  4 centaur zombies
  3 jellies
  6 hounds
  3 orc priests
  An iguana (D:7)
  Ijyb (D:5)
  6 orc wizards
  A scorpion zombie (D:5)
  A hound skeleton (D:4)
  5 gnolls (D:5)
  A howler monkey skeleton (D:5)
  5 adders
  3 white imps
  An ufetubus (D:7)
  2 worms (D:4)
  3 dart slugs
  25 orcs
  10 ball pythons
  6 endoplasms
  3 giant cockroaches
  10 goblins
  11 hobgoblins
  8 jackals (D:1)
  4 quokkas
  9 bats
  3 frilled lizards
  9 kobolds
  11 rats
185 creatures vanquished.

Vanquished Creatures (others)
  A sky beast (D:7)
1 creature vanquished.

Grand Total: 186 creatures vanquished

Notes
Turn   | Place    | Note
-------+----------+-------------------------------------------
     0 | D:1      | styxcanada the Minotaur Fighter began the quest for the
                  | Orb.
     0 | D:1      | Reached XP level 1. HP: 19/19 MP: 0/0
    57 | D:1      | Reached XP level 2. HP: 27/27 MP: 1/1
   603 | D:1      | Reached XP level 3. HP: 30/34 MP: 2/2
   758 | D:1      | Found a faded altar of an unknown god.
   879 | D:1      | Reached skill level 3 in Axes
  1458 | D:2      | Reached XP level 4. HP: 40/41 MP: 3/3
  1657 | D:3      | Noticed Grinder
  1659 | D:3      | Paralysed by Grinder for 2 turns
  1667 | D:3      | Killed Grinder
  1668 | D:3      | Reached skill level 5 in Fighting
  1668 | D:3      | Reached skill level 4 in Axes
  1668 | D:3      | Reached XP level 5. HP: 5/48 MP: 4/4
  1668 | D:3      | Reached XP level 6. HP: 6/56 MP: 5/5
  2026 | D:3      | Reached skill level 1 in Dodging
  2477 | D:3      | Reached skill level 5 in Armour
  2803 | D:3      | Found a shimmering blue altar of Sif Muna.
  3138 | D:4      | Reached skill level 5 in Shields
  3301 | D:4      | Identified the +1 leather armour "Rerghoral" {rElec rPois
                  | rC-}
  3337 | D:4      | Found a glowing silver altar of Zin.
  3406 | D:4      | Reached skill level 5 in Axes
  3581 | D:4      | Reached XP level 7. HP: 55/62 MP: 6/6
  3757 | D:5      | Entered Level 5 of the Dungeon
  3772 | D:5      | Reached skill level 6 in Axes
  3824 | D:5      | Noticed Ijyb
  3829 | D:5      | Paralysed by Ijyb for 5 turns
  3837 | D:5      | Killed Ijyb
  4279 | D:5      | Reached XP level 8. HP: 64/71 MP: 7/7
  4280 | D:5      | Reached skill level 7 in Axes
  6114 | D:6      | Reached skill level 8 in Axes
  6121 | D:6      | Found Zuozauta's Jewellery Shop.
  6222 | D:6      | Reached XP level 9. HP: 76/79 MP: 8/8
  6272 | D:6      | Found an iron altar of Okawaru.
  6440 | D:7      | Found a staircase to the Ecumenical Temple.
  6451 | Temple   | Entered the Ecumenical Temple
  6947 | D:7      | Found a runed translucent gate.
  6948 | D:7      | Found a runed translucent gate.
  6949 | D:7      | Found a runed translucent gate.
  6950 | D:7      | Found an opulent altar of Gozag.
  6951 | D:7      | Noticed Whoops's ghost (novice DsFi)
  6952 | D:7      | Noticed a freezing wraith
  7114 | D:7      | Reached skill level 9 in Axes
  7407 | D:7      | Noticed a deep elf pyromancer
  7419 | D:7      | Killed a deep elf pyromancer
  7420 | D:7      | Reached skill level 10 in Axes
  7681 | D:7      | Slain by Whoops's ghost

Illustrated notes

Levels and vault maps discovered:
D:1:      erik_arrival_orb_chamber, layout_basic, ebering_ecumenical_altar_rust,
          minmay_tiny_reverse_x
D:2:      layout_rooms, hangedman_decor_points, minmay_tromino_v4_c
D:3:      layout_basic, nicolae_sif_muna_little_library, uniq_grinder
D:4:      layout_basic, zin_academy, chequers_serial_rivers_large_b
D:5:      layout_layer_cave, st_stairs_2, uniq_ijyb
D:6:      layout_rooms, kennysheep_little_box, serial_shops,
          nicolae_shop_window_shopping, roderic_serpentine_path
D:7:      nzn_winding_woodlands_medium [nzn_winding_woodlands_hourglass,
          nzn_winding_woodlands_5x15_cabin, nzn_winding_woodlands_5x5_three,
          nzn_winding_woodlands_5x5_closed_star,
          nzn_winding_woodlands_center_diamonds,
          nzn_winding_woodlands_5x5_checkerboard,
          nzn_winding_woodlands_5x5_open_star,
          nzn_winding_woodlands_5x15_longhouse,
          nzn_winding_woodlands_5x5_perimeter], layout_rooms,
          minmay_temple_entry_waves, ebering_ghost_gozag,
          amcnicky_mini_corridor_feature
Temple:   eino_temple_rhombus

Skill      XL: |  1  2  3  4  5  6  7  8  9 |
---------------+----------------------------+-----
Shields        | 4 5 6 7 |  7.4
Fighting       | 4 5 6 7 9 |  9.1
Axes           | 3 4 5 6 8 10 | 10.0
Armour         | 4 5 6 8 9 |  9.3
Dodging        | 1 2 |  2.7
Throwing       | |  0.9

Action                   |  1- 3 |  4- 6 |  7- 9 || total
-------------------------+-------+-------+-------++-------
Melee: War axe           |    93 |   113 |   239 ||   445
       Headbutt          |     8 |    16 |    51 ||    75
       Long sword        |       |       |     7 ||     7
Throw: Boomerang         |     3 |     4 |     4 ||    11
  Use: Scroll            |     5 |     4 |     3 ||    12
       Potion            |       |       |     3 ||     3
Armor: Scale mail        |    57 |       |       ||    57
       Chain mail        |       |    55 |    16 ||    71
       Ice dragon scales |       |       |   134 ||   134
Dodge: Dodged            |    36 |    32 |   120 ||   188
Block: Kite shield       |    61 |    60 |   175 ||   296
       Rpst.: Long sword |       |       |     3 ||     3
